 Dungeon Sprint DCSS version 0.18-a0-1372-gd644665 (webtiles) character file.

14 namelastname112 the Chopper (level 5, -6/66 HPs)
             Began as a Demonspawn Fighter on Feb 21, 2016.
             Was a Believer of Trog.
             Mangled by a queen ant (12 damage)
             ... in the Dungeon (Sprint VI: "Thunderdome").
             The game lasted 00:01:06 (207 turns).

namelastname112 the Chopper (Demonspawn Fighter)     Turns: 207, Time: 00:01:06

Health: -6/66      AC:  9    Str: 22    XL:     5   Next: 53%
Magic:  5/5        EV:  9    Int: 10    God:    Trog [**....]
Gold:   220        SH: 10    Dex: 12    Spells: 0 memorised, 4 levels left

rFire  . . .     SeeInvis .     a - +0 war axe
rCold  . . .     Gourm    .     b - +0 scale mail
rNeg   . . .     Faith    .     c - +0 shield
rPois  .         Spirit   .     (no helmet)
rElec  .         Dismiss  .     (no cloak)
rCorr  .         Reflect  .     (no gloves)
SustAt .         Harm     .     (no boots)
MR     .....     NoTele   +     (no amulet)
Stlth  ..........               (no ring)
                                (no ring)

@: berserking, lethally poisoned (-6 -> -83), very quick, not resistant to
hostile enchantments, extremely unstealthy
A: yellow scales 1, rot immunity
a: Berserk, Trog's Hand, Burn Spellbooks, Renounce Religion


You were in the Dungeon.
You worshipped Trog.
Trog was pleased with you.
You were not hungry.

You visited 1 branch You collected 220 gold pieces.

Inventory:

Hand Weapons
 a - a +0 war axe (weapon)
Armour
 b - a +0 scale mail (worn)
 c - a +0 shield (worn)
Wands
 m - a wand of acid (5/15)
 n - a wand of iceblast (5/15)
Scrolls
 k - 4 scrolls of blinking
 o - 3 scrolls of fog
Potions
 g - 4 potions of heal wounds
 h - 4 potions of haste
 i - 2 potions of magic
 j - a potion of berserk rage
 l - a potion of resistance
Comestibles
 f - a bread ration


   Skills:
 + Level 5.4 Fighting
 * Level 6.5 Axes
 + Level 5.0 Armour
 + Level 4.0 Dodging
 + Level 5.0 Shields


You had 4 spell levels left.
You didn't know any spells.

Dungeon Overview and Level Annotations

Branches:
Dungeon (1/1)

Altars:
Cheibriados
Dithmenos
Fedhas
Gozag
Kikubaaqudgha
Makhleb
Okawaru
Pakellas
Qazlal
Ru
Sif Muna
Trog
Vehumet
Xom
Yredelemnul
Zin
The Shining One
Jiyva
Lugonu

Shops:
D *[%??*?*:[((!!!!


Innate Abilities, Weirdness & Mutations

You are partially covered in yellow scales (AC +2).
You are immune to rotting.


Message History

You feel very sick.
The queen ant stings you but does no damage.
You slash the queen ant!
The queen ant is moderately wounded.
You feel very sick. The queen ant stings you!
* * * LOW HITPOINT WARNING * * *
You are more poisoned.
The queen ant poisons you!
You barely miss the queen ant.
The queen ant is moderately wounded.
* * * LOW HITPOINT WARNING * * *
You feel very sick. The queen ant completely misses you.
You hit the queen ant.
The queen ant is heavily wounded.
* * * LOW HITPOINT WARNING * * *
You feel very sick. The queen ant stings you!
You die...

#⌠..........[⌠#
######.8........[8.######
##∩___......###.......__∩##
##∩........8.# #.8........∩###
.............###.............##
..........###...###..........⌠#
..........# #.<.# #..........⌠#
..........###..a###..........⌠#
.............###@............#
##∩........8.# #.8........∩###
##∩_........###......___∩##
######.8.........8.######
#⌠..)........⌠# ###.........###
#_......._# #_......._#
#_......._#


You could see a queen ant.

Vanquished Creatures
  Sigmund (D)
  Terence (D)
  A shadow imp (D)
  A worm (D)
  A hobgoblin (D)
  A giant newt (D)
6 creatures vanquished.

Notes
Turn   | Place    | Note
--------------------------------------------------------------
     0 | D        | namelastname112 the Demonspawn Fighter began the quest for the Orb.
     0 | D        | Reached XP level 1. HP: 18/18 MP: 1/1
     3 | D        | Found a glowing silver altar of Zin.
     4 | D        | Found a glowing golden altar of the Shining One.
     5 | D        | Found a blossoming altar of Fedhas.
     5 | D        | Found a deep blue altar of Sif Muna.
     5 | D        | Round 1.
     6 | D        | Found a shadowy altar of Dithmenos.
     6 | D        | Found Siynor's Staff Store.
     6 | D        | Found Pafuv's Magic Scroll Shop.
     7 | D        | Found Zibiheto's Must-Have Magic.
     7 | D        | Found Tadit's Magic Scroll Shop.
     9 | D        | Found a stormy altar of Qazlal.
    10 | D        | Found a basalt altar of Yredelemnul.
    11 | D        | Found a shimmering altar of Xom.
    12 | D        | Found Ecves's Bee Food.
    12 | D        | Found an iron altar of Okawaru.
    12 | D        | Found Henlau's Identification Station.
    13 | D        | Found Qoma's Jewellery.
    13 | D        | Found Zibiheto's Advanced Armour.
    16 | D        | Found a corrupted altar of Lugonu.
    17 | D        | Found an ancient bone altar of Kikubaaqudgha.
    18 | D        | Found a snail-covered altar of Cheibriados.
    19 | D        | Found Xahainycs's Premium Goods.
    20 | D        | Found an opulent altar of Gozag.
    20 | D        | Found a radiant altar of Vehumet.
    20 | D        | Found a burning altar of Makhleb.
    20 | D        | Found Xouzas's Weapon Rack.
    20 | D        | Found Jyihucro's Miscellaneous Merchandise.
    20 | D        | Found Uruofud's Basic Armour.
    24 | D        | Found a viscous altar of Jiyva.
    25 | D        | Found an oddly glowing altar of Pakellas.
    26 | D        | Found a bloodstained altar of Trog.
    27 | D        | Found Naism's Do-It-Yourself Clinic.
    27 | D        | Found a sacrificial altar of Ru.
    27 | D        | Found Dabon's Distillery.
    28 | D        | Found Etuus's Bottled Wisdom.
    28 | D        | Found Hugoev's Distillery.
    34 | D        | Became a worshipper of Trog the Wrathful
    68 | D        | Noticed Sigmund
    69 | D        | Reached * piety under Trog
    72 | D        | Noticed Terence
    86 | D        | Killed Sigmund
    86 | D        | Reached ** piety under Trog
    86 | D        | Reached skill level 5 in Fighting
    86 | D        | Reached skill level 6 in Axes
    86 | D        | Gained mutation: You are immune to rotting. [demonic ancestry]
    86 | D        | Reached XP level 2. HP: 16/27 MP: 2/2
    86 | D        | Reached XP level 3. HP: 19/33 MP: 3/3
    86 | D        | Reached XP level 4. HP: 22/39 MP: 4/4
    86 | D        | Gained mutation: You are partially covered in yellow scales (AC +2). [demonic ancestry]
    86 | D        | Reached XP level 5. HP: 24/44 MP: 5/5
    89 | D        | Killed Terence
    89 | D        | Reached skill level 5 in Armour
    89 | D        | Reached skill level 5 in Shields
   118 | D        | Arena points: 14 (+14) [x2]
   180 | D        | Round 2.
   195 | D        | Noticed a queen ant
   207 | D        | Mangled by a queen ant

Vault maps used:
D:        arena_sprint

Action                   |  1- 3 |  4- 6 || total
-------------------------+-------+-------++-------
Melee: War axe           |    16 |    12 ||    28
Invok: Berserk           |     1 |     1 ||     2
  Use: Potion            |     2 |       ||     2
